 Dungeon Crawl Stone Soup version 0.31-a0-1074-g0b22e4e0f1 (webtiles) character file.

Game seed: 10761076790142197262

32 Curundu the Trooper (level 3, -3/33 HPs)
             Began as a Draconian Berserker on Dec 2, 2023.
             Was a Believer of Trog.
             Slain by a gnoll
             ... wielding a +0 whip
              (8 damage)
             ... on level 2 of the Dungeon.
             The game lasted 00:07:10 (1255 turns).

Curundu the Trooper (Draconian Berserker)           Turns: 1255, Time: 00:07:10

Health: -3/33      AC:  5    Str: 19    XL:     3   Next: 10%
Magic:  3/3        EV: 12    Int: 13    God:    Trog [**....]
Gold:   123        SH:  0    Dex: 12    Spells: 2/2 levels left

rFire   . . .        a - +0 hand axe
rCold   + . .        (no shield)
rNeg    . . .        (body armour unavailable)
rPois   .            (helmet restricted)
rElec   .            c - scarf {+Inv}
rCorr   .            (no gloves)
SInv    .            (no boots)
Will    .....        (no amulet)
Stlth   +            l - ring of protection from cold
HPRegen 0.25/turn    m - +6 ring of intelligence
MPRegen 0.08/turn

%: no passive effects
@: slowed, very slow
A: AC +5, unfitting armour, cold-blooded
a: Renounce Religion, Evoke Invisibility, Berserk, Trog's Hand


You were on level 2 of the Dungeon.
You worshipped Trog.
Trog was pleased with you.
You visited 1 branch of the dungeon, and saw 2 of its levels.

You collected 123 gold pieces.

Inventory:

Hand Weapons
 a - a +0 hand axe (weapon)
Missiles
 g - 7 stones
Armour
 c - a scarf of invisibility (worn)
 f - a scarf of repulsion
Jewellery
 l - a ring of protection from cold (left hand)
 m - a +6 ring of intelligence (right hand)
Scrolls
 e - a scroll of teleportation {unknown}
 h - a scroll of identify {unknown}
 j - a scroll of noise {unknown}
 n - a scroll of vulnerability {unknown}
Potions
 b - a potion of brilliance {unknown}
 d - a potion of lignification {unknown}
 i - a potion of degeneration {unknown}
 k - a potion of enlightenment {unknown}


   Skills:
 + Level 3.8 Fighting
 + Level 3.4 Axes
 + Level 3.1 Dodging


You had 2 spell levels left.
You didn't know any spells.
Your spell library contained the following spells:

 Spells                   Type           Power      Damage    Failure   Level
 Sublimation of Blood     Necr           0%         N/A       43%         2
 Petrify                  Tmut/Erth      0%         N/A       97%         4
 Irradiate                Conj/Tmut      0%         3d11      100%        5


Dungeon Overview and Level Annotations

Branches:
Dungeon (2/15)

Altars:

Annotations:
D:2 Natasha


Innate Abilities, Weirdness & Mutations

Your plain brown scales are hard. (AC +5)
You cannot fit into any form of body armour.
You are cold-blooded and may be slowed by cold attacks.


Message History

A ball python comes into view.
The ball python hisses angrily.
You barely miss the ball python.
The ball python bites you but does no damage.
The ball python grabs you. The ball python constricts you.
You hit the ball python.
You kill the ball python!
Trog accepts your kill.
You can now call upon Trog for regeneration and willpower.
You see here a ball python corpse.
Natasha, Servant of Life and Death comes into view.
Natasha casts a spell at you.
You feel yourself slow down.
Natasha mumbles some strange words. 2 gnolls come into view.
A gnoll is wielding a +0 spear.
The gnoll shouts! x2; You hear a shout!
Natasha mumbles some strange words.
The gnoll moves out of view.
A gnoll comes into view. It is wielding a +0 whip.
You completely miss the gnoll. The gnoll misses you.
The cerulean imp hits you from afar with a +1 spear.
You hit the gnoll but do no damage.
Your tail-slap misses the gnoll.
The cerulean imp hits you from afar with a +1 spear.
The gnoll hits you from afar with a +0 spear.
The gnoll hits you with a +0 whip. The gnoll closely misses you.
You hit the gnoll.
The gnoll is lightly wounded.
You barely miss the gnoll. The cerulean imp closely misses you.
The gnoll hits you from afar with a +0 spear.
The gnoll hits you with a +0 whip. x2
Natasha casts a spell.
The cerulean imp hits you from afar with a +1 spear.
The gnoll closely misses you. The gnoll misses you.
The gnoll hits you but does no damage. The gnoll closely misses you.
Natasha growls.
The gnoll attacks as it pursues you! The gnoll hits you with a +0 whip!
* * * LOW HITPOINT WARNING * * *
The gnoll hits you with a +0 whip!
You die...

######## ###......# #
........ #.# #...5. ..
..hg #.##5## #.....##
#####
#.#####gg.######...####
#.....@................
#######.#....###.......
#.####...###..... #.#
###.# #..... ... .#
#..... ... . #.....
....# ######## ....#


You could see Natasha, 3 gnolls and 2 cerulean imps.

Vanquished Creatures
  A dart slug (D:1)
  4 endoplasms
  4 goblins (D:1)
  4 hobgoblins
  2 quokkas
  2 ball pythons
  2 bats
  4 kobolds
  4 rats (D:1)
27 creatures vanquished.

Notes
Turn   | Place    | Note
-------+----------+-------------------------------------------
     0 | D:1      | Curundu the Draconian Berserker began the quest for the
                  | Orb.
     0 | D:1      | Reached XP level 1. HP: 19/19 MP: 1/1
   196 | D:1      | Reached XP level 2. HP: 23/26 MP: 2/2
   970 | D:2      | Reached XP level 3. HP: 26/33 MP: 3/3
  1226 | D:2      | Reached ** piety under Trog
  1244 | D:2      | Noticed Natasha
  1255 | D:2      | Slain by a gnoll

Illustrated notes

Levels and vault maps discovered:
D:1:      minmay_arrival_semitransparent, layout_loops_ring
D:2:      layout_basic, basic_altar, shapermc_ecumenical_altar_flowoftime,
          dreamdust_wishing_well, uniq_natasha

Skill      XL: |  1  2 |
---------------+-------+-----
Dodging        | 3 |  3.1
Fighting       | |  3.8
Axes           | |  3.4

Action                     || total
---------------------------++-------
  Melee: Hand axe          ||    91
         Tailslap          ||     7
         Punch             ||     3
 Armour: Skin              ||    53
  Dodge: Dodged            ||    68

Table legend: (Time is in decaauts)
 A = Elapsed time spent in this place.
 B = Non-inter-level travel time spent in this place.
 C = Inter-level travel time spent in this place.
 D = Time resting spent in this place.
 E = Time spent auto-exploring this place.
 F = Levels seen in this place.
 G = Mean time per level.
                   A        B        C        D        E       F      G
               +--------+--------+--------+--------+--------+-----+--------+
         Total |   1269 |   1266 |      3 |     51 |      0 |   2 |  634.5 |
       Dungeon |   1269 |   1266 |      3 |     51 |      0 |   2 |  634.5 |
               +--------+--------+--------+--------+--------+-----+--------+

Top non-repeatable levels by time:
     D:1: 915 daAuts
     D:2: 354 daAuts
